 Dungeon Crawl Stone Soup version 0.30-a0-457-g4b7bca3bfa (webtiles) character file.

Game seed: 8396264994037732563

50 pokeman the Magician (level 3, 0/20 HPs)
             Began as a Deep Elf Hedge Wizard on Dec 12, 2022.
             Succumbed to an adder's poison
             ... on level 2 of the Dungeon.
             The game lasted 00:02:17 (1548 turns).

pokeman the Magician (Deep Elf Hedge Wizard)        Turns: 1548, Time: 00:02:18

Health: 0/20       AC:  2    Str:  7    XL:     3   Next: 55%
Magic:  1/11       EV: 12    Int: 20    God:
Gold:   24         SH:  0    Dex: 14    Spells: 4/12 levels left

rFire   . . .      SeeInvis .    g - +2 whip (elec)
rCold   . . .      Faith    .    (no shield)
rNeg    . . .      Spirit   .    b - +0 robe
rPois   .          Reflect  .    c - +0 hat
rElec   .          Harm     .    (no cloak)
rCorr   .          Rampage  .    (no gloves)
Will    .....                    (no boots)
Stlth   ++........               (no amulet)
HPRegen 0.23/turn                (no ring)
MPRegen 0.12/turn                (no ring)

@: lethally poisoned (0 -> -4), flying (expiring)
A: no striking features
a: no special abilities


You were on level 2 of the Dungeon.
You visited 1 branch of the dungeon, and saw 2 of its levels.

You collected 24 gold pieces.

Inventory:

Hand Weapons
 g - a +2 whip of electrocution (weapon)
Armour
 b - a +0 robe (worn)
 c - a +0 hat (worn)
Scrolls
 a - a scroll of blinking {unknown}
 f - 3 scrolls of identify {unknown}
 i - a scroll of teleportation {unknown}
Potions
 d - a potion of magic


   Skills:
 - Level 1.0 Fighting
 + Level 0.9 Armour
 + Level 2.4 Dodging
 - Level 2.4 Stealth
 * Level 5.3 Spellcasting
 + Level 1.9 Conjurations
 - Level 1.1 Summonings
 - Level 1.1 Translocations


You had 4 spell levels left.
You knew the following spells:

 Your Spells              Type           Power      Damage    Failure   Level
a - Magic Dart            Conj           52%        1d5       4%          1
b - Mephitic Cloud        Conj/Pois/Air  7%         N/A       26%         3
c - Call Imp              Summ           9%         N/A       11%         2
d - Blink                 Tloc           18%        N/A       11%         2

Your spell library contained the following spells:

 Spells                   Type           Power      Damage    Failure   Level
 Slow                     Hex            20%        N/A       12%         1
 Cigotuvi's Dreadful Rot  Necr/Pois/Air  10%        N/A       17%         2


Dungeon Overview and Level Annotations

Branches:
Dungeon (2/15)

Altars:


Message History

Your shadow imp is poisoned.
The adder poisons your shadow imp!
Your shadow imp completely misses the adder.
The adder bites your shadow imp but does no damage.
The adder misses your shadow imp.
Your shadow imp barely misses the adder.
The adder bites your shadow imp.
Your shadow imp dies!
Your shadow imp disappears in a puff of smoke!
Casting: Call Imp (safe; 11% risk of failure)
Confirm with . or Enter, or press ? or * to list all spells.
Aiming: Magic Dart (safe; 4% risk of failure)
Press: ? - help, Shift-Dir - straight line, f - adder
Aim: an adder (100% to hit)
The magic dart hits the adder.
The adder is moderately wounded.
You hit the adder.
The adder is moderately wounded.
The adder bites you but does no damage.
You miss the adder.
The adder is moderately wounded.
The adder barely misses you. The adder misses you.
You miss the adder.
The adder is moderately wounded.
You are starting to lose your buoyancy.
The adder closely misses you.
You barely miss the adder.
The adder is moderately wounded.
The adder bites you.
* * * LOW HITPOINT WARNING * * *
You are lethally poisoned!
The adder poisons you! The adder bites you.
* * * LOW HITPOINT WARNING * * *
You hit the adder.
The adder is almost dead.
* * * LOW HITPOINT WARNING * * *
You feel sick. The adder barely misses you.
You hit the adder.
You kill the adder!
You die...

.##########.#
.)..........#
#####..#.####
†...##.#
..#### #.#
#.# #w# #†#
#@# #.# #.#
#.# #.#
#######.#
.........#
.........#
.........#


You could see a worm.

Vanquished Creatures
  3 adders (D:2)
  A dart slug (D:1)
  2 ball pythons
  2 bats
  An endoplasm (D:1)
  2 giant cockroaches (D:1)
  7 goblins
  2 hobgoblins (D:1)
  2 kobolds (D:1)
  3 quokkas (D:1)
  A frilled lizard (D:1)
  2 rats
28 creatures vanquished.

Notes
Turn   | Place    | Note
-------+----------+-------------------------------------------
     0 | D:1      | pokeman the Deep Elf Hedge Wizard began the quest for the
                  | Orb.
     0 | D:1      | Reached XP level 1. HP: 10/10 MP: 7/7
   420 | D:1      | Reached XP level 2. HP: 13/16 MP: 2/9
   962 | D:1      | Reached skill level 5 in Spellcasting
  1326 | D:2      | Reached XP level 3. HP: 12/20 MP: 2/11
  1330 | D:2      | Learned a level 3 spell: Mephitic Cloud
  1333 | D:2      | Learned a level 2 spell: Call Imp
  1336 | D:2      | Learned a level 2 spell: Blink
  1488 | D:2      | Reached skill level 1 in Fighting
  1547 | D:2      | HP: 1/20 [poisoned by an adder]
  1548 | D:2      | Succumbed to an adder's poison

Illustrated notes

Levels and vault maps discovered:
D:1:      elethiomel_arrival_maze, layout_basic, minmay_misc_feat_chi
D:2:      layout_basic, kennysheep_small_spiral

Skill      XL: |  1  2  3 |
---------------+----------+-----
Spellcasting   | 5 |  5.3
Fighting       | 1 |  1.0
Armour         | |  0.9
Dodging        | |  2.4
Stealth        | |  2.4
Conjurations   | |  1.9
Summonings     | |  1.1
Translocations | |  1.1

Action                   || total
-------------------------++-------
Melee: Dagger            ||     5
       Whip              ||    17
 Cast: Magic Dart        ||    72
       Call Imp          ||     1
  Use: Potion            ||     2
Armor: Robe              ||     5
Dodge: Dodged            ||    27

Table legend: (Time is in decaauts)
 A = Elapsed time spent in this place.
 B = Non-inter-level travel time spent in this place.
 C = Inter-level travel time spent in this place.
 D = Time resting spent in this place.
 E = Time spent auto-exploring this place.
 F = Levels seen in this place.
 G = Mean time per level.
                   A        B        C        D        E       F      G
               +--------+--------+--------+--------+--------+-----+--------+
         Total |   1548 |   1545 |      3 |      0 |   1368 |   2 |  774.0 |
       Dungeon |   1548 |   1545 |      3 |      0 |   1368 |   2 |  774.0 |
               +--------+--------+--------+--------+--------+-----+--------+

Top non-repeatable levels by time:
     D:1: 1263 daAuts
     D:2: 285 daAuts
